 Dungeon Crawl Stone Soup version 0.29.1-15-g9cfb28693d (webtiles) character file.

Game seed: 14674274313889601586

158 101zpm the Magician (level 5, -1/35 HPs)
             Began as a Djinni Fire Elementalist on Mar 15, 2023.
             Was an Initiate of Cheibriados.
             Slain by a gnoll
             ... wielding a +3 spear
             ... led by a gnoll bouda
              (5 damage)
             ... on level 5 of the Dungeon.
             The game lasted 00:06:17 (2881 turns).

101zpm the Magician (Djinni Fire Elementalist)      Turns: 2881, Time: 00:06:17

Health: -1/35      AC:  2    Str:  8    XL:     5   Next: 66%
Gold:   65         EV: 12    Int: 20    God:    Cheibriados [......] SH:  0 Dex: 14

rFire   + + .      SeeInvis .   (no weapon)
rCold   x . .      Faith    .   (no shield)
rNeg    . . .      Spirit   .   a - +0 robe
rPois   ∞          Reflect  .   (no helmet)
rElec   .          Harm     .   (no cloak)
rCorr   .          Rampage  .   (no gloves)
Will    .....                   (boots unavailable)
Stlth   ++........              (no amulet)
HPRegen 0.11/turn               (no ring)
MPRegen 0.00/turn               (no ring)

@: weakened, flying, slow
A: sickness immunity, fire resistance 2, cold vulnerability 1, float, innate
caster, HP casting, extra vitality 1
a: Renounce Religion


You were on level 5 of the Dungeon.
You worshipped Cheibriados.
Cheibriados was noncommittal.
You visited 2 branches of the dungeon, and saw 6 of its levels.

You collected 65 gold pieces.

Inventory:

Armour
 a - a +0 robe (worn)
Scrolls
 b - a scroll of amnesia {unknown}
 c - a scroll of identify {unknown}
 d - a scroll of teleportation {unknown}
 e - a scroll of immolation {unknown}
Potions
 f - a potion of magic {unknown}
 g - a potion of lignification {unknown}


   Skills:
 + Level 2.4 Dodging
 + Level 2.4 Stealth
 + Level 4.2 Spellcasting


You couldn't memorise any spells.
You knew the following spells:

 Your Spells              Type           Power      Damage    Failure   Level
a - Foxfire               Conj/Fire      84%        2x1d8     2%          1
b - Scorch                Fire           42%        2d7       3%          2
c - Conjure Flame         Conj/Fire      21%        6-21      7%          3
d - Inner Flame           Hex/Fire       21%        N/A       7%          3
e - Flame Wave            Conj/Fire      21%        2d8       22%         4
f - Slow                  Hex            84%        N/A       2%          1
g - Passwall              Tmut/Erth      17%        N/A       3%          2
Your spell library was empty.

Dungeon Overview and Level Annotations

Branches:
Dungeon (5/15)             Temple (1/1) D:5

Altars:
Ashenzari
Cheibriados
Dithmenos
Elyvilon
Fedhas
Gozag
Hepliaklqana
Makhleb
Nemelex Xobeh
Okawaru
Qazlal
Ru
Trog
Uskayaw
Wu Jian
Xom
Yredelemnul
Zin
The Shining One


Innate Abilities, Weirdness & Mutations

You are immune to sickness and miasma.
You are immune to poison.
Your flesh is very heat resistant. (rF++)
You are vulnerable to cold. (rC-)
You float through the air rather than walking.
You learn spells naturally, not from books.
Your magical power is your life essence.
You have superior vitality. (+4 MHP)


Message History

Casting: Inner Flame (dangerous; 7% risk of failure)
Confirm with . or Enter, or press ? or * to list all spells.
Aiming: Inner Flame (dangerous; 7% risk of failure)
Press: ? - help, Dir - move target, f/p - gnoll
Aim: a gnoll, wielding a +0 halberd (covering ground quickly, chance to affect: 83%)
The gnoll barely resists.
The gnoll hits you from afar with a +2 spear of venom.
The gnoll closely misses you.
You can't go up here!
The gnoll hits you from afar with a +2 spear of venom.
The gnoll barely misses you.
You fly downwards.
Welcome back to the Ecumenical Temple!
There is a staircase back to the Dungeon, spattered with blood here.
You start resting.
HP restored.
You fly upwards.
Welcome back to the Dungeon!
The gnoll hits you from afar with a +0 halberd.
An orc comes into view. It is wielding a +0 mace.
There is a staircase to the Ecumenical Temple here.
Casting: Inner Flame (dangerous; 7% risk of failure)
Confirm with . or Enter, or press ? or * to list all spells.
Aiming: Inner Flame (dangerous; 7% risk of failure)
Press: ? - help, Dir - move target, f - gnoll
Aim: a gnoll, wielding a +0 halberd (chance to affect: 83%)
The gnoll is filled with an inner flame.
The gnoll shouts!
The orc shouts!
The gnoll hits you from afar with a +0 halberd!
The gnoll bouda gazes fiercely through you!
You feel your attacks grow feeble.
Casting: Inner Flame (dangerous; 7% risk of failure)
Confirm with . or Enter, or press ? or * to list all spells.
Aiming: Inner Flame (dangerous; 7% risk of failure)
Press: ? - help, Dir - move target, f - gnoll bouda, p - gnoll
Aim: a gnoll bouda, wielding a +0 club and wearing a +0 robe (chance to affect: 76%)
The gnoll bouda is filled with an inner flame.
The gnoll hits you from afar with a +0 halberd!
* * * LOW HITPOINT WARNING * * *
An orc priest comes into view. It is wielding a +0 hand axe.
The gnoll hits you from afar with a +3 spear.
You die...

#......<...# #
##...##+##.# # #
.###......##.##.# #
.......#........#
...g.. #........+
o.o.o.###.......#
#..gg..........#
..#g.g..#.....#
#..@..###.....
#.)...# ......
......g..........
......###.......##.
...... ...######
....#. ..#. ....#
.#.. g.. ..


You could see a gnoll bouda (inner flame), an orc priest (wandering), 6 gnolls
and 2 orcs.

Vanquished Creatures
  An ogre (D:5)
  An iguana (Temple)
  An adder (D:2)
  A worm (D:2)
  A dart slug (D:1)
  An orc (Temple)
  4 endoplasms
  2 giant cockroaches
  3 goblins (D:1)
  2 hobgoblins
  5 jackals (D:2)
  A ball python (D:1)
  2 bats (D:1)
  A kobold (D:1)
  3 rats (D:1)
29 creatures vanquished.

Vanquished Creatures (collateral kills)
  A foxfire (D:1)
1 creature vanquished.

Vanquished Creatures (others)
  101 foxfires
  2 withered plants (D:1)
103 creatures vanquished.

Grand Total: 133 creatures vanquished

Notes
Turn   | Place    | Note
-------+----------+-------------------------------------------
     0 | D:1      | 101zpm the Djinni Fire Elementalist began the quest for the
                  | Orb.
     0 | D:1      | 101zpm set off with the following spells memorised:
                  | Foxfire, Scorch, Conjure Flame, Inner Flame, Flame Wave.
     0 | D:1      | Reached XP level 1. HP: 15/15 MP: 0/0
   447 | D:1      | Reached XP level 2. HP: 15/21 MP: 0/0
   988 | D:1      | Reached skill level 3 in Spellcasting
  1163 | D:1      | Found a faded altar of an unknown god.
  1284 | D:2      | Reached XP level 3. HP: 21/25 MP: 0/0
  1284 | D:2      | Learned a level 1 spell: Slow
  1999 | D:5      | Entered Level 5 of the Dungeon
  2029 | D:5      | Found a staircase to the Ecumenical Temple.
  2038 | D:5      | Noticed an ogre
  2043 | Temple   | Entered the Ecumenical Temple
  2046 | Temple   | Reached XP level 4. HP: 15/31 MP: 0/0
  2515 | Temple   | Became a worshipper of Cheibriados the Contemplative
  2542 | D:5      | Killed an ogre
  2543 | D:5      | Reached skill level 4 in Spellcasting
  2543 | D:5      | Reached XP level 5. HP: 24/35 MP: 0/0
  2543 | D:5      | Learned a level 2 spell: Passwall
  2881 | D:5      | Slain by a gnoll

Illustrated notes

Levels and vault maps discovered:
D:1:      giann_wishing_wells, layout_basic, ebering_ecumenical_altar_petrified,
          minmay_pentomino_s2
D:2:      layout_basic
D:3:      layout_basic, nicolae_sif_muna_condensation, ebering_ghost_sewer_d,
          uniq_natasha
D:4:      layout_gridville, serial_glass, glass_columns_c, glass_columns_b,
          serial_shops, nicolae_shop_stone, gammafunk_ghost_cemetery,
          minmay_misc_feat_ornament, dreamdust_princess_bridge
D:5:      layout_gridville, minmay_temple_entry_tees
Temple:   mainiacjoe_temple_circle_huts

Skill      XL: |  1  2  3  4 |
---------------+-------------+-----
Spellcasting   | 3 4 |  4.2
Stealth        | 2 |  2.4
Dodging        | |  2.4

Action                   |  1- 3 |  4- 6 || total
-------------------------+-------+-------++-------
 Cast: Foxfire           |    59 |       ||    59
       Scorch            |    10 |     6 ||    16
       Inner Flame       |    10 |     5 ||    15
Armor: Robe              |       |     2 ||     2
Dodge: Dodged            |     4 |    11 ||    15
